 Dungeon Crawl Stone Soup version 0.24.0-123-gd5b16e6ec5 (webtiles) character file.

Game seed: 17637281785229248864, levelgen mode: deterministic

12852 tensugalgo the Carver (level 11, -4/94 HPs)
             Began as a White Draconian Gladiator on Nov 7, 2019.
             Was an Elder of Yredelemnul.
             Slain by a wolf (6 damage)
             ... in an ice cave on Dec 17, 2019.
             The game lasted 00:25:46 (12659 turns).

tensugalgo the Carver (White Draconian Gladiator)  Turns: 12659, Time: 00:25:47

Health: -4/94      AC: 12    Str: 17    XL:     11   Next: 67%
Magic:  15/15      EV: 17    Int:  9    God:    Yredelemnul [****..]
Gold:   592        SH:  0    Dex: 15    Spells: 10/10 levels left

rFire    + . .     SeeInvis .   I - +2 long sword
rCold    + + +     Gourm    .   (no shield)
rNeg     . . .     Faith    .   (armour unavailable)
rPois    .         Spirit   .   b - +1 hat
rElec    .         Reflect  .   x - scarf {rC+ rF+}
rCorr    .         Harm     .   B - +0 pair of gloves
MR       .....                  (no boots)
Stlth    +.........             (no amulet)
HPRegen  0.25/turn              j - ring of protection from cold
MPRegen  0.14/turn              g - +3 ring of protection

@: no status effects
A: breathe frost, unfitting armour, horns 1, cold resistance 1, low mp 1,
cold-blooded, AC +7
a: Breathe Frost, Recall Undead Slaves, Injury Mirror, Animate Dead, Drain Life,
Renounce Religion


You were in an ice cave.
You worshipped Yredelemnul.
Yredelemnul was greatly pleased with you.
You were not hungry.

You visited 1 branch of the dungeon, and saw 11 of its levels.
You also visited: Sewer, Ossuary and Ice Cave.

You collected 592 gold pieces.

Inventory:

Hand Weapons
 a - a +0 long sword
 I - a +2 long sword (weapon)
Armour
 b - a +1 hat (worn)
 r - a +0 cloak
 x - a scarf of resistance (worn)
 B - a +0 pair of gloves (worn)
Jewellery
 g - a +3 ring of protection (right hand)
 j - a ring of protection from cold (left hand)
 J - a +3 ring of strength {unknown}
Wands
 n - a wand of acid (7)
 C - a wand of digging (6)
 D - a wand of polymorph (11)
 F - a wand of iceblast (9)
 G - a wand of disintegration (12)
 K - a wand of paralysis (9)
Scrolls
 c - a scroll of enchant armour
 e - 2 scrolls of enchant weapon
 i - 8 scrolls of fear
 k - 7 scrolls of remove curse
 l - 7 scrolls of teleportation
 o - a scroll of brand weapon
 w - 4 scrolls of amnesia
 y - 3 scrolls of identify
Potions
 f - a potion of haste
 h - 2 potions of heal wounds
 m - 7 potions of curing
 p - 4 potions of agility
 q - 5 potions of mutation
 s - 3 potions of brilliance
 t - a potion of flight
 u - a potion of ambrosia
 v - 3 potions of berserk rage
 z - 2 potions of magic
 A - 3 potions of might
 E - a potion of cancellation
Comestibles
 d - 23 rations
 H - 5 chunks of flesh


   Skills:
 + Level 8.2 Fighting
 - Level 14.0 Long Blades
 - Level 1.7 Throwing
 + Level 7.1 Dodging
 + Level 7.8 Invocations


You had 10 spell levels left.
You didn't know any spells.
Your spell library contained the following spells:

 Spells                   Type           Power        Failure   Level  Hunger
 Corona                   Hex            #......      38%         1    ##.....
 Magic Dart               Conj           #...         38%         1    ##.....
 Blink                    Tloc           N/A          52%         2    ###....
 Call Imp                 Summ           #.......     52%         2    ###....
 Slow                     Hex            #.......     52%         2    ###....
 Conjure Flame            Conj/Fire      #.......     77%         3    ####...
 Inner Flame              Hex/Fire       #.......     77%         3    ####...
 Mephitic Cloud           Conj/Pois/Air  #.......     77%         3    ####...
 Portal Projectile        Hex/Tloc       #.....       77%         3    ####...
 Cause Fear               Hex            #.........   99%         4    #####..
 Leda's Liquefaction      Hex/Erth       #.........   99%         4    #####..


Dungeon Overview and Level Annotations

Branches:
Dungeon (11/15)            Temple (0/1) D:7            Lair (0/6) D:8
    Orc (0/2) D:11          Sewer (visited)         Ossuary (visited)
  IceCv (1/1)

Altars:
Fedhas
Hepliaklqana
Nemelex Xobeh
Okawaru
Qazlal
Ru
Sif Muna
Trog
Wu Jian
Xom
Yredelemnul
Zin
The Shining One
Beogh

Shops:
D:4 [


Innate Abilities, Weirdness & Mutations

You can breathe waves of freezing cold.
You can buffet flying creatures when you breathe cold.
Your icy white scales are hard. (AC +7)
You cannot fit into any form of body armour.
Your flesh is cold resistant. (rC+)
You are cold-blooded and may be slowed by cold attacks.
You have a pair of small horns on your head.
Your magical capacity is low. (-10% MP)


Message History

The wolf bites you!
* * * LOW HITPOINT WARNING * * *
The wolf closely misses you.
You riposte.
You closely miss the wolf. You headbutt the wolf.
The wolf is lightly wounded.
You hit the yak. You headbutt the yak.
The yak is severely wounded.
The wolf misses you. The wolf bites you.
* * * LOW HITPOINT WARNING * * *
The yak gores you!
* * * LOW HITPOINT WARNING * * *
The wolf completely misses you.
You riposte.
You barely miss the wolf.
The wolf is lightly wounded.
You hit the yak. You headbutt the yak, but do no damage.
Your tail-slap misses the yak.
The yak is almost dead.
The wolf misses you. The yak gores you but does no damage.
The wolf closely misses you. The wolf bites you.
You die...
Your body rises from the dead as a mindless zombie.

#### ##..##
###....##
..##.......#
.......∩.Yh#
#........h@#
##..##...†##
## ##..##
####


You could see a yak and 2 wolves.

Vanquished Creatures
  Josephine (D:10)
  2 two-headed ogres
  A kobold demonologist (D:10)
  The ghost of kkkmkkk the Stinger, a novice OpVM of Sif Muna (D:5)
  A troll (D:10)
  3 hippogriffs
  3 wraiths (D:10)
  3 hogs (D:7)
  A human (D:7)
  A hungry ghost (D:7)
  5 yaks (D:11)
  Purgy (Sewer)
  2 black bears
  7 orc warriors
  4 sky beasts
  2 ice beasts
  A phantom (D:7)
  5 ogres
  A wolf (IceCv)
  9 centaurs
  18 big kobolds
  7 bullfrogs
  A gnoll sergeant (D:10)
  A wyvern zombie (D:5)
  A wyvern skeleton (D:11)
  6 killer bees (D:8)
  2 scorpions
  3 wights (D:9)
  5 howler monkeys
  3 centaur zombies
  A quasit (D:9)
  4 crimson imps
  4 bullfrog zombies
  2 centaur skeletons
  7 orc priests
  3 hounds
  16 orc wizards
  Jessica (D:2)
  A bullfrog skeleton (D:11)
  An iguana (D:11)
  Terence (D:2)
  5 worker ants
  3 big kobold zombies (Ossuary)
  A hound zombie (D:6)
  2 mummies (Ossuary)
  3 worker ant zombies
  2 howler monkey zombies
  15 adders
  5 gnolls
  A river rat (D:4)
  12 white imps (D:11)
  2 adder zombies
  2 adder skeletons (D:6)
  4 worms
  A dart slug (D:1)
  4 leopard geckos
  65 orcs
  7 bats
  3 giant cockroaches
  9 goblins
  12 hobgoblins
  6 jackals
  15 kobolds
  7 quokkas
  A ball python (Sewer)
  5 frilled lizards
  A goblin zombie (Ossuary)
  7 hobgoblin zombies (Ossuary)
  3 jackal zombies (Ossuary)
  14 kobold zombies (Ossuary)
  A leopard gecko skeleton (D:5)
  5 orc zombies (Ossuary)
  11 rats
  2 rat zombies (Ossuary)
378 creatures vanquished.

Vanquished Creatures (collateral kills)
  A hippogriff (D:10)
  A yak (D:11)
  A hog (D:7)
  A water moccasin (D:11)
  An ice beast (D:10)
  3 big kobolds (D:10)
  A bullfrog (D:10)
  A jelly (D:10)
  A scorpion (D:7)
  A hound (D:7)
  An orc priest (D:7)
  An orc wizard (D:7)
  A gnoll (D:10)
  An adder (D:7)
  An orc (D:7)
  2 kobolds (D:10)
19 creatures vanquished.

Vanquished Creatures (others)
  2 flying skulls (D:11)
  2 wights (D:10)
  An ogre skeleton (D:7)
  2 mummies
  A kobold zombie (D:10)
  3 orc skeletons (D:11)
  2 orc zombies (D:11)
13 creatures vanquished.

Grand Total: 410 creatures vanquished

Notes
Turn   | Place    | Note
-------+----------+-------------------------------------------
     0 | D:1      | tensugalgo the Draconian Gladiator began the quest for the
                  | Orb.
     0 | D:1      | Reached XP level 1. HP: 17/17 MP: 1/1
   192 | D:1      | Reached XP level 2. HP: 15/24 MP: 2/2
   661 | D:1      | Reached skill level 4 in Long Blades
   709 | D:2      | Reached XP level 3. HP: 27/29 MP: 3/3
   736 | D:2      | Found a sparkling altar of Nemelex Xobeh.
   848 | D:2      | Noticed Jessica
   862 | D:2      | Killed Jessica
  1246 | D:2      | Reached XP level 4. HP: 36/36 MP: 4/4
  1251 | D:2      | Reached skill level 5 in Long Blades
  1525 | D:2      | Noticed Terence
  1555 | D:2      | Killed Terence
  2113 | D:3      | Reached XP level 5. HP: 40/41 MP: 5/5
  2400 | D:3      | Reached skill level 6 in Long Blades
  2674 | D:3      | Found a stormy altar of Qazlal.
  2914 | D:4      | Noticed an ogre
  2935 | D:3      | Killed an ogre
  2935 | D:3      | Reached XP level 6. HP: 36/48 MP: 6/6
  2972 | D:3      | Reached skill level 7 in Long Blades
  3060 | D:4      | Reached skill level 8 in Long Blades
  3060 | D:4      | Your scales start taking on an icy white colour.
  3060 | D:4      | Reached XP level 7. HP: 12/55 MP: 7/7
  3060 | D:4      | Gained mutation: Your flesh is cold resistant. (rC+) [White
                  | Draconian growth]
  3106 | D:4      | Found a bloodstained altar of Trog.
  3107 | D:4      | Found an iron altar of Okawaru.
  3158 | D:4      | Gained mutation: Your magical capacity is low. (-10% MP)
                  | [potion of mutation]
  3158 | D:4      | Gained mutation: You have a pair of small horns on your
                  | head. [potion of mutation]
  3201 | D:4      | Found an ornate altar of the Wu Jian Council.
  3288 | D:4      | Found a glowing drain.
  3294 | Sewer    | Entered a sewer
  3429 | Sewer    | Noticed Purgy
  3444 | Sewer    | Killed Purgy
  3444 | Sewer    | Reached skill level 9 in Long Blades
  3836 | D:4      | Found a shimmering altar of Xom.
  3885 | D:4      | Found Deonn's Armour Shop.
  4312 | D:5      | Entered Level 5 of the Dungeon
  4312 | D:5      | Found an ornate altar of the Wu Jian Council.
  4349 | D:5      | Reached XP level 8. HP: 58/61 MP: 7/7
  4397 | D:5      | Reached skill level 10 in Long Blades
  4591 | D:5      | Found a glowing golden altar of the Shining One.
  4592 | D:5      | Found a transporter.
  4593 | D:5      | Found a transporter.
  4593 | D:5      | Noticed kkkmkkk's ghost (novice OpVM)
  4641 | D:5      | Upgraded the game from 0.24.0-13-gcf9b3192b9 to
                  | 0.24.0-123-gd5b16e6ec5
  4647 | D:5      | Found a basalt altar of Yredelemnul.
  4829 | D:5      | Became a worshipper of Yredelemnul the Dark
  5013 | D:6      | Found a glowing silver altar of Zin.
  5152 | D:6      | Reached skill level 11 in Long Blades
  5362 | D:6      | Found a sacrificial altar of Ru.
  5694 | D:7      | Reached * piety under Yredelemnul
  5708 | D:7      | Reached XP level 9. HP: 53/67 MP: 5/8
  5742 | D:7      | Reached skill level 12 in Long Blades
  5855 | D:7      | You fall into a shaft and drop 2 floors!
  6045 | D:9      | Noticed a two-headed ogre
  6056 | D:9      | Killed a two-headed ogre
  6056 | D:9      | Reached skill level 13 in Long Blades
  6387 | D:9      | Found a hazy altar of Hepliaklqana.
  6713 | D:8      | Found a shimmering blue altar of Sif Muna.
  6778 | D:8      | Reached ** piety under Yredelemnul
  6827 | D:8      | Found a staircase to the Lair.
  6848 | D:8      | Reached skill level 14 in Long Blades
  6886 | D:8      | Found a sand-covered staircase.
  6890 | Ossuary  | Entered an ossuary
  7113 | Ossuary  | Reached *** piety under Yredelemnul
  7127 | Ossuary  | Reached XP level 10. HP: 68/73 MP: 9/9
  7328 | D:8      | Reached skill level 1 in Invocations
  7444 | D:8      | Received a gift from Yredelemnul (a mummy)
  7457 | D:8      | Found a blossoming altar of Fedhas.
  7692 | D:7      | HP: 3/77 [hog (8)]
  8096 | D:7      | Found a staircase to the Ecumenical Temple.
  8133 | D:7      | Received a gift from Yredelemnul (a mummy)
  8506 | D:5      | Killed kkkmkkk's ghost
  8949 | D:8      | Received a gift from Yredelemnul (a mummy)
  9004 | D:8      | Found a roughly hewn altar of Beogh.
  9060 | D:8      | Reached skill level 5 in Fighting
  9582 | D:8      | Reached skill level 5 in Dodging
 10118 | D:9      | Reached skill level 5 in Invocations
 10155 | D:9      | Received a gift from Yredelemnul (a wight)
 10551 | D:10     | Entered Level 10 of the Dungeon
 10680 | D:10     | Found a blossoming altar of Fedhas.
 10794 | D:10     | Reached XP level 11. HP: 66/89 MP: 13/13
 10806 | D:10     | Reached **** piety under Yredelemnul
 10877 | D:10     | Received a gift from Yredelemnul (a wight)
 11465 | D:10     | Noticed Josephine
 11481 | D:10     | Killed Josephine
 11943 | D:11     | Noticed a two-headed ogre
 11973 | D:10     | Killed a two-headed ogre
 12301 | D:11     | Received a gift from Yredelemnul (2 flying skulls)
 12320 | D:11     | Found a staircase to the Orcish Mines.
 12600 | D:11     | Found a frozen archway.
 12641 | IceCv    | Entered an ice cave
 12658 | IceCv    | HP: 2/94 [yak (14)]
 12659 | IceCv    | Slain by a wolf

Levels and vault maps discovered:
D:1:      eino_arrival_water_cross, layout_basic
D:2:      layout_basic, nemelex_altar_shiori, first_ration, uniq_jessica,
          uniq_terence
D:3:      kennysheep_six_static_rooms, layout_loops_corners, marbit_many_paths,
          minmay_hedge_maze, due_unseen_surprise
D:4:      layout_rooms, grunt_temple_overflow_bloody_war, kennysheep_mini,
          overflow_temple_1_default, lightli_sewer_entry_pipes, serial_shops,
          nicolae_shop_crystal
D:5:      layout_rooms, overflow_temple_1_default, old_standard_altar,
          basic_altar, gammafunk_ghost_mausoleum
D:6:      layout_basic, old_standard_altar, nicolae_ru_great_annihilating_truth
D:7:      layout_cave_pools, minmay_temple_entry_proselytizer, grunt_livestock,
          corexii_corridor_pit
D:8:      layout_loops_ring, nicolae_overflow_hidden_temple, old_standard_altar,
          lair_entry_dummy, enter_ossuary_5, special_room [special_room_orc]
D:9:      layout_stronghold, kennysheep_little_box, minivault_19
D:10:     layout_roguey [special_room_kobold], fedhas_altar_1, uniq_josephine
D:11:     layout_rooms, orc_0_dummy, portal_ice_cave_entry_imps,
          grunt_ministairs_13
IceCv:    ice_cave_small_giant

Skill      XL: |  1  2  3  4  5  6  7  8  9 10 11 |
---------------+----------------------------------+-----
Long Blades    | 4 5 6 8 9 11 14 | 14.0
Dodging        | 5 7 |  7.1
Invocations    | 5 7 |  7.8
Fighting       | 6 8 |  8.2
Throwing       | |  1.7

Action                   |  1- 3 |  4- 6 |  7- 9 | 10-12 || total
-------------------------+-------+-------+-------+-------++-------
Melee: Long sword        |    70 |   141 |   485 |   667 ||  1363
       Tailslap          |     4 |    28 |    70 |   114 ||   216
       Headbutt          |       |       |    82 |   186 ||   268
Throw: Throwing net      |       |     3 |       |       ||     3
Invok: Animate Remains   |       |       |     1 |       ||     1
       Animate Dead      |       |       |       |     4 ||     4
       Recall Undead Sla |       |       |       |     1 ||     1
       Injury Mirror     |       |       |       |     1 ||     1
 Abil: Breathe Frost     |       |       |     8 |     7 ||    15
Evoke: Wand              |       |       |     2 |     9 ||    11
  Use: Scroll            |       |     4 |    11 |     3 ||    18
       Potion            |       |     2 |     5 |       ||     7
 Stab: Sleeping          |       |     3 |       |     1 ||     4
       Held in net/web   |       |     2 |       |       ||     2
       Paralysed         |       |       |     1 |       ||     1
  Eat: Chunk             |       |     7 |    16 |    16 ||    39
       Ration            |       |       |       |     2 ||     2
Armor: Skin              |    19 |    40 |   203 |   211 ||   473
Dodge: Dodged            |    61 |    78 |   297 |   450 ||   886
       Rpst.: Long sword |    23 |    21 |    70 |   114 ||   228
